General information
- name: BNet
- type: Ladder 1vs1/FFA
- host: Battle.net
- saver: Oster
map: TirisfalGlades
- players: 2
- length: 26:35
- speed: Fast
- version: 1.26 W3XP
- replay type: Public
» download(81 KB)
Players
team 1 (winner)
Oster (
yellow | 74 APM | 1973 actions | 26:35)
7 Goblin Tinker
3 Pocket Factory
2 Engineering Upgrade
1 Cluster Rockets
1 Robo-Goblin
2 Archmage
1 Summon Water Elemental
1 Brilliance Aura
» actions
| Assign group hotkey | 42 | |
| Basic commands | 183 | |
| Build / train | 133 | |
| Enter build submenu | 47 | |
| Enter hero's abilities submenu | 9 | |
| Give item / drop item | 9 | |
| Right click | 662 | |
| Select / deselect | 601 | |
| Select group hotkey | 118 | |
| Use ability | 169 | |
1973 total
» units
| Peasant | 27 | |
| Footman | 12 | |
| Murloc Huntsman | 1 | |
| Spell Breaker | 3 | |
| Sorceress | 3 | |
46 total
» upgrades
| Defend | 1 | |
| Lumber Harvesting | 2 | |
| Masonry | 3 | |
| Sorceress Training | 2 | |
| Control Magic | 1 | |
| Animal War Training | 1 | |
| Magic Sentry | 1 | |
| Priest Training | 2 | |
| Swords | 3 | |
| Plating | 2 | |
| Cloud | 1 | |
| Storm Hammers | 1 | |
| Armor | 1 | |
21 total
» buildings
| Barracks | 1 | |
| Farm | 10 | |
| Altar of Kings | 1 | |
| Scout Tower | 23 | |
| Arcane Tower | 4 | |
| Town Hall | 2 | |
| Lumber Mill | 1 | |
| Arcane Vault | 1 | |
| Keep | 1 | |
| Castle | 1 | |
| Guard Tower | 11 | |
| Arcane Sanctum | 3 | |
| Blacksmith | 2 | |
| Gryphon Aviary | 4 | |
65 total
» build order
00:04 Barracks
00:26 Farm
00:44 Altar of Kings
00:55 Farm
02:05 Farm
02:28 Farm
03:02 Scout Tower
03:47 Arcane Tower
05:02 Farm
05:06 Town Hall
05:18 Lumber Mill
05:21 Scout Tower
05:30 Farm
05:37 Arcane Vault
05:59 Arcane Tower
06:46 Keep
07:20 Scout Tower
07:21 Scout Tower
07:21 Scout Tower
08:58 Scout Tower
08:59 Scout Tower
09:01 Scout Tower
09:01 Scout Tower
09:02 Scout Tower
09:07 Castle
09:19 Guard Tower
09:27 Guard Tower
09:28 Guard Tower
09:37 Guard Tower
10:01 Guard Tower
10:06 Scout Tower
10:06 Scout Tower
10:07 Scout Tower
10:48 Guard Tower
11:30 Arcane Sanctum
13:06 Arcane Sanctum
13:07 Arcane Sanctum
13:12 Farm
13:40 Blacksmith
13:42 Blacksmith
16:00 Scout Tower
16:03 Scout Tower
16:04 Scout Tower
16:05 Scout Tower
16:35 Guard Tower
16:37 Scout Tower
16:38 Scout Tower
16:38 Guard Tower
16:39 Scout Tower
16:40 Scout Tower
16:41 Arcane Tower
17:00 Guard Tower
17:32 Arcane Tower
17:33 Guard Tower
17:35 Scout Tower
17:39 Town Hall
19:02 Guard Tower
19:56 Farm
19:57 Farm
20:46 Gryphon Aviary
20:49 Gryphon Aviary
20:51 Gryphon Aviary
20:56 Gryphon Aviary
25:53 Scout Tower
» items
| Dust of Appearance | 1 | |
| Boots of Speed | 2 | |
| Lesser Clarity Potion | 6 | |
| Mechanical Critter | 1 | |
| Staff of Teleportation | 2 | |
| Scroll of Regeneration | 3 | |
| Potion of Invisibility | 3 | |
| Periapt of Vitality | 3 | |
| Tome of Retraining | 1 | |
| Potion of Lesser Invulnerability | 2 | |
| Scroll of Town Portal | 5 | |
| Circlet of Nobility | 1 | |
| Staff of Sanctuary | 1 | |
| Potion of Healing | 1 | |
32 total
team 2 (loser)
trickynick (
green | 50 APM | 1317 actions | 26:34)
5 Far Seer
3 Feral Spirit
2 Chain Lighting
3 Shadow Hunter
2 Healing Wave
1 Hex
» actions
| Assign group hotkey | 35 | |
| Basic commands | 15 | |
| Build / train | 65 | |
| Enter build submenu | 26 | |
| Enter hero's abilities submenu | 8 | |
| Right click | 383 | |
| Select / deselect | 368 | |
| Select group hotkey | 317 | |
| Use ability | 100 | |
1317 total
» units
| Peon | 13 | |
| Grunt | 9 | |
| Troll Headhunter/Berserker | 4 | |
| Raider | 9 | |
| Shaman | 5 | |
| Tauren | 3 | |
43 total
» upgrades
| Melee Weapons | 2 | |
| Armor | 1 | |
| Shaman Training | 3 | |
| Spiked Barricades | 1 | |
| Ensnare | 1 | |
| Ranged Weapons | 1 | |
| Pillage | 1 | |
10 total
» buildings
| Altar of Storms | 1 | |
| Orc Burrow | 12 | |
| Barracks | 1 | |
| Stronghold | 1 | |
| War Mill | 1 | |
| Watch Tower | 5 | |
| Beastiary | 1 | |
| Spirit Lodge | 2 | |
| Fortress | 1 | |
| Tauren Totem | 2 | |
27 total
» build order
00:11 Altar of Storms
00:17 Orc Burrow
00:31 Barracks
01:41 Orc Burrow
03:24 Stronghold
04:07 War Mill
04:21 Orc Burrow
05:36 Watch Tower
06:22 Beastiary
07:02 Spirit Lodge
07:07 Orc Burrow
08:12 Orc Burrow
09:03 Fortress
10:30 Orc Burrow
13:00 Orc Burrow
13:05 Spirit Lodge
14:15 Watch Tower
16:12 Tauren Totem
17:02 Watch Tower
17:17 Tauren Totem
18:56 Orc Burrow
20:50 Watch Tower
20:54 Orc Burrow
22:45 Orc Burrow
22:56 Orc Burrow
23:41 Orc Burrow
24:22 Watch Tower
Chat log
(25:23 / All) Oster: "This just in...purge cancels polymorph"
(25:25 / All) Oster: "Film at 11"
(26:00 / All) Oster: all that to kill one arcane tower
(26:02 / All) Oster: and i had no army
(26:05 / All) Oster: how does that make you feel?